 Dungeon Crawl Stone Soup version 0.31-a0-1074-g0b22e4e0f1 (webtiles) character file.

Game seed: 15282629510491323539

916 lunkers the Martial Artist (level 8, 0/57 HPs)
             Began as a Meteoran Shapeshifter on Nov 29, 2023.
             Slain by a gnoll sergeant
             ... wielding a +2 vampiric trident
              (7 damage)
             ... on level 6 of the Dungeon on Nov 30, 2023.
             The game lasted 00:05:09 (2340 turns).

lunkers the Martial Artist (Meteoran Shapeshifter)  Turns: 2340, Time: 00:05:10

Health: 0/57       AC:  8    Str: 15    XL:     8   Next: 56%
Magic:  9/9        EV: 11    Int: 11    God:
Gold:   226        SH:  0    Dex: 17    Spells: 7/7 levels left

rFire   . .          .
                       - Unarmed
rCold   . . .        (shield currently unavailable)
rNeg    . . .        h - +0 ring mail
rPois   .            j - +2 helmet {SInv}
rElec   .            (no cloak)
rCorr   .            (no gloves)
SInv    +            (no boots)
Will    +....        (no amulet)
Stlth   +            (no ring)
HPRegen 0.29/turn    (no ring)
MPRegen 0.11/turn

%: no passive effects
@: lethally poisoned (0 -> -4), flux-form, glowing
A: glow, contaminating, reduced hp, sense surroundings 1, otherworldly, glowing,
explore regen
a: Begin Untransformation


You were on level 6 of the Dungeon.
You were something dangerously unstable.
You visited 1 branch of the dungeon, and saw 6 of its levels.

You collected 226 gold pieces.

Inventory:

Armour
 h - a +0 ring mail (worn)
 i - the +1 leather armour of Ypaonoul {-Tele Int+2 SInv}
   (You found it on level 4 of the Dungeon)

   Int+2:     It affects your intelligence (+2).
   SInv:      It lets you see invisible.
   -Tele:     It prevents most forms of teleportation.
 j - a +2 helmet of see invisible (worn)
Talismans
 c - a beast talisman
 d - a flux talisman (active)
Wands
 k - a wand of iceblast (6)
Potions
 a - a potion of enlightenment
 b - a potion of lignification
 e - 2 potions of mutation
 f - 5 potions of curing
 g - 2 potions of invisibility


   Skills:
 - Level 1.1 Fighting
 - Level 2.1 Dodging
 * Level 9.5 Unarmed Combat
 + Level 6.7 Shapeshifting


You had 7 spell levels left.
You didn't know any spells.
Your spell library was empty.

Dungeon Overview and Level Annotations

Branches:
Dungeon (6/15) Zot: 1290
 Temple: D:4-7

Altars:
Wu Jian

Shops:
D:2 *   D:4 !   D:6 (


Innate Abilities, Weirdness & Mutations

You are something dangerously unstable.
You glow with magical radiation, making you easy to see and hit.
Foes you strike become dangerously contaminated with magical radiation.
Your maximum health is decreased, since you lack skill for your form.
You are incapable of wielding weapons or throwing items.
You passively map a small area around you.
You are easily found by Zot.
You glow in the dark.
You regain HP and MP as you explore.


Message History

The water moccasin shudders as magic cascades through it.
The water moccasin twists and deforms.
The water moccasin is moderately wounded.
The water moccasin barely misses you.
The gnoll sergeant hits you but does no damage.
The adder barely misses you. The water moccasin closely misses you.
Unknown command.
You hit the water moccasin.
The water moccasin begins to glow.
The water moccasin is moderately wounded.
The gnoll sergeant hits you from afar with a +2 vampiric trident!
* * * LOW HITPOINT WARNING * * *
The adder bites you but does no damage.
The water moccasin bites you but does no damage.
You closely miss the water moccasin.
The water moccasin is moderately wounded.
The adder bites you but does no damage.
The gnoll sergeant hits you from afar with a +2 vampiric trident.
* * * LOW HITPOINT WARNING * * *
The water moccasin bites you but does no damage.
You closely miss the water moccasin.
The water moccasin is moderately wounded.
The adder bites you but does no damage. The water moccasin bites you.
* * * LOW HITPOINT WARNING * * *
You are poisoned.
The water moccasin poisons you! The gnoll sergeant barely misses you.
You punch the water moccasin!
The water moccasin glows dangerously bright.
The water moccasin is severely wounded.
You feel sick. The water moccasin closely misses you.
The adder bites you but does no damage.
The gnoll sergeant hits you from afar with a +2 vampiric trident!
* * * LOW HITPOINT WARNING * * *
You punch the water moccasin!
You kill the water moccasin!
You feel sick. The adder bites you but does no damage.
Unknown command.
You barely miss the adder.
You feel sick. The adder bites you but does no damage.
The gnoll sergeant hits you from afar with a +2 vampiric trident!
You die...

########.......###..#
###...####...###.#
###.^.### ,###~..#.#
##....##., ##....##
##.~..##$ ###,
##..~.## #..)~##..
..## ##≈...#
#~..†#..# ≈l.≈#*
,#...~# #.≈~.#8.#
.##.$ , #.≈~.#
#...≈#$p#≈.J>.≈
#~)..#
#...~#S.#≈.:⌠O≈
#~...#
#.≈~.#8.g.h##.. ,
#.~~.#
#~...#..##≈$.≈# ,
#...~#
#...~##..##..##,
#~...#
##.≈..##.†####..#
..≈.##
##....#.).....#
....## ###..~###..###
* ###...####,,,


You could see a gnoll sergeant and an adder.

Vanquished Creatures
  A water moccasin (D:6)
  A sky beast (D:6)
  A centaur (D:5)
  A kobold brigand (D:6)
  A bullfrog (D:4)
  2 scorpions (D:5)
  2 hounds
  4 iguanas
  2 orc wizards
  9 adders
  A shadow imp (D:6)
  2 ufetubi (D:6)
  A worm (D:2)
  5 dart slugs
  15 orcs
  5 ball pythons
  4 endoplasms
  5 goblins
  6 hobgoblins
  A kobold (D:4)
  4 quokkas
  A bat (D:1)
  2 frilled lizards (D:2)
  5 rats (D:1)
81 creatures vanquished.

Notes
Turn   | Place    | Note
-------+----------+-------------------------------------------
     0 | D:1      | lunkers the Meteoran Shapeshifter began the quest for the
                  | Orb.
     0 | D:1      | Reached XP level 1. HP: 16/16 MP: 2/2
    89 | D:1      | Reached skill level 4 in Unarmed Combat
    89 | D:1      | Reached XP level 2. HP: 13/23 MP: 3/3
   472 | D:2      | Reached XP level 3. HP: 28/28 MP: 4/4
   636 | D:2      | Found Wer Giol's Assorted Antiques.
   880 | D:2      | Reached XP level 4. HP: 28/35 MP: 5/5
   967 | D:3      | Found an ornate altar of the Wu Jian Council.
   974 | D:3      | Reached skill level 5 in Unarmed Combat
  1009 | D:3      | Found a faded altar of an unknown god.
  1039 | D:3      | Found the +2 hat of the Bear Spirit {Spirit, Bear, *Rage
                  | Will++}
  1126 | D:3      | Reached XP level 5. HP: 12/40 MP: 6/6
  1278 | D:4      | Identified the +1 leather armour of Ypaonoul {-Tele Int+2
                  | SInv}
  1407 | D:4      | Noticed a bullfrog
  1414 | D:4      | Killed a bullfrog
  1415 | D:4      | Reached skill level 6 in Unarmed Combat
  1415 | D:4      | Reached skill level 5 in Shapeshifting
  1415 | D:4      | Reached XP level 6. HP: 29/47 MP: 7/7
  1651 | D:4      | Found Fotaixt's Distillery.
  1773 | D:5      | Entered Level 5 of the Dungeon
  1796 | D:5      | Reached skill level 7 in Unarmed Combat
  1934 | D:5      | Reached XP level 7. HP: 43/52 MP: 8/8
  2064 | D:5      | Reached skill level 8 in Unarmed Combat
  2087 | D:6      | Found Zuras's Weapon Shop.
  2252 | D:6      | Reached XP level 8. HP: 50/59 MP: 9/9
  2319 | D:6      | Reached skill level 9 in Unarmed Combat
  2340 | D:6      | Slain by a gnoll sergeant

Illustrated notes

Levels and vault maps discovered:
D:1:      dpeg_arrival_chambers_temple_mockup, layout_basic,
          corexii_corridor_pit
D:2:      layout_basic, serial_shops, nicolae_shop_window_shopping
D:3:      layout_basic, nicolae_wu_jian_immortal_techniques,
          ebering_ecumenical_altar_sacrificial, chequers_serial_rivers_micro_e,
          kennysheep_pointless_box, item_on_display_b, uniq_sigmund
D:4:      layout_layer_cave, serial_shops, shop
D:5:      layout_rooms, minmay_temple_entry_junction, uniq_duvessa
D:6:      kennysheep_six_static_rooms, layout_basic, nicolae_take_the_stairs,
          minmay_misc_feat_chi, nzn_random_ring, uniq_edmund, uniq_pikel

Skill      XL: |  1  2  3  4  5  6  7  8 |
---------------+-------------------------+-----
Unarmed Combat | 4 5 6 7 8 9 |  9.5
Shapeshifting  | 4 5 6 |  6.7
Fighting       | |  1.1
Dodging        | |  2.1

Action                     |  1- 3 |  4- 6 |  7- 9 || total
---------------------------+-------+-------+-------++-------
  Melee: Unarmed           |    52 |   133 |    92 ||   277
         Punch             |     2 |     2 |       ||     4
    Use: Scroll            |     2 |     8 |       ||    10
 Armour: Animal skin       |    25 |       |       ||    25
         Ring mail         |     2 |    72 |    70 ||   144
  Dodge: Dodged            |    18 |    51 |    57 ||   126
   Form: Flux              |       |     1 |       ||     1

Table legend: (Time is in decaauts)
 A = Elapsed time spent in this place.
 B = Non-inter-level travel time spent in this place.
 C = Inter-level travel time spent in this place.
 D = Time resting spent in this place.
 E = Time spent auto-exploring this place.
 F = Levels seen in this place.
 G = Mean time per level.
                   A        B        C        D        E       F      G
               +--------+--------+--------+--------+--------+-----+--------+
         Total |   2308 |   2247 |     61 |    100 |   1522 |   6 |  384.7 |
       Dungeon |   2308 |   2247 |     61 |    100 |   1522 |   6 |  384.7 |
               +--------+--------+--------+--------+--------+-----+--------+

Top non-repeatable levels by time:
     D:4: 584 daAuts
     D:1: 467 daAuts
     D:2: 426 daAuts
     D:5: 299 daAuts
     D:3: 278 daAuts
     D:6: 252 daAuts
